 Dungeon Sprint DCSS version 0.30-a0-469-g84de5afbc5 (webtiles) character file.

Game seed: 18415301658344193261

29 rocky1 the Poker (level 3, -4/33 HPs)
             Began as a Formicid Fighter on Dec 20, 2022.
             Slain by a human (8 damage)
             ... in the Dungeon (Sprint III: "The Ten Rune Challenge").
             The game lasted 00:00:43 (72 turns).

rocky1 the Poker (Formicid Fighter)                   Turns: 72, Time: 00:00:44

Health: -4/33      AC:  6    Str: 22    XL:     3   Next: 32%
Magic:  3/3        EV:  9    Int:  7    God:
Gold:   0          SH:  5    Dex: 13    Spells: 2/2 levels left

rFire   . . .      SeeInvis +    a - +0 trident
rCold   . . .      Faith    .    c - +0 buckler
rNeg    . . .      Spirit   .    b - +0 scale mail
rPois   .          Reflect  .    (helmet unavailable)
rElec   .          Harm     .    (no cloak)
rCorr   .          Rampage  .    (no gloves)
Will    .....                    (no boots)
Stlth   ..........               (no amulet)
HPRegen 0.25/turn                (no ring)
MPRegen 0.08/turn                (no ring)

@: no status effects
A: permanent stasis, dig shafts and tunnels, antennae 3, four strong arms
a: Dig


You were in the Dungeon.
You visited 1 branch

Inventory:

Hand Weapons
 a - a +0 trident (weapon)
Armour
 b - a +0 scale mail (worn)
 c - a +0 buckler (worn)
Scrolls
 h - a scroll of vulnerability {unknown}
Potions
 d - a potion of might
 e - a potion of curing
 g - 2 potions of magic
 i - a potion of flight {unknown}


   Skills:
 - Level 5.0 Fighting
 * Level 5.2 Polearms
 - Level 3.2 Armour
 - Level 4.0 Shields


You had 2 spell levels left.
You didn't know any spells.
Your spell library was empty.

Dungeon Overview and Level Annotations

Branches:
Dungeon (1/1)

Altars:


Innate Abilities, Weirdness & Mutations

You cannot be hasted, slowed, berserked, paralysed or teleported.
You can dig through walls and to a lower floor.
You have a pair of large antennae on your head. (SInv)
Your four strong arms can wield two-handed weapons with a shield.


Message History

You closely miss the human. The human hits you but does no damage.
You miss the human. The human hits you.
* * * LOW HITPOINT WARNING * * *
You hit the human.
The human is lightly wounded.
The human barely misses you.
You closely miss the human.
The human is lightly wounded.
You block the human's attack.
You feel much better. You block the human's attack.
Unknown command.
You hit the human but do no damage.
The human is lightly wounded.
The human closely misses you.
You closely miss the human.
The human is lightly wounded.
You block the human's attack.
You miss the human.
The human is lightly wounded.
The human hits you.
You closely miss the human.
The human is lightly wounded.
The human barely misses you.
You hit the human.
The human is moderately wounded.
The human hits you!
You barely miss the human.
The human is moderately wounded.
The human hits you but does no damage.
You miss the human.
The human is moderately wounded.
The human hits you.
You hit the human.
The human is moderately wounded.
The human hits you!
* * * LOW HITPOINT WARNING * * *
You puncture the human!
The human is heavily wounded.
The human hits you!
You die...

▓..##....†..#
▓##.##.##...# .#
##.##.###..# ..#
▓#.####.##).# ...+
▓.###..##..##
#...# ▓#.....##..#
#....#
###..##...##.....#
##..##....#p.....#
#..###..##@# {
#[.# #.. ### ▓▓▓▓
▓▓▓ { { { { { { {
{


You could see a human.

Vanquished Creatures
  Jessica (D)
  2 endoplasms (D)
  A rat (D)
4 creatures vanquished.

Notes
Turn   | Place    | Note
-------+----------+-------------------------------------------
     0 | D        | rocky1 the Formicid Fighter began the quest for the Orb.
     0 | D        | Reached XP level 1. HP: 18/18 MP: 1/1
    39 | D        | Noticed Jessica
    42 | D        | Killed Jessica
    43 | D        | Reached skill level 5 in Fighting
    43 | D        | Reached skill level 5 in Polearms
    43 | D        | Reached XP level 2. HP: 27/27 MP: 2/2
    43 | D        | Reached XP level 3. HP: 33/33 MP: 3/3
    72 | D        | Slain by a human

Illustrated notes

Levels and vault maps discovered:
D:        dungeon_sprint_mu [sprint_mu_entry_cave, sprint_mu_temple_rooms,
          sprint_mu_d1_horrors, sprint_mu_d2_genie, sprint_mu_d3_branching,
          sprint_mu_orc_legion, sprint_mu_elf_gauntlet, sprint_mu_hive_nellie,
          sprint_mu_lair_fedhas, sprint_mu_vaults_butterflies,
          sprint_mu_slime_circle, sprint_mu_shoals_kraken,
          sprint_mu_snake_twists, sprint_mu_blade_basic,
          sprint_mu_crypt_fortress, sprint_mu_tomb_spiral,
          sprint_mu_vestibule_basic, sprint_mu_gehenna_hellfire,
          sprint_mu_dis_giant, sprint_mu_tartarus_statrot,
          sprint_mu_cocytus_islands, sprint_mu_zot1]

Skill      XL: |  1 |
---------------+----+-----
Polearms       | 5 |  5.2
Fighting       | 5 |  5.0
Armour         | |  3.2
Shields        | |  4.0

Action                   || total
-------------------------++-------
Melee: Trident           ||    27
  Use: Potion            ||     1
Armor: Scale mail        ||     5
Dodge: Dodged            ||     4
Block: Buckler           ||     3

Table legend: (Time is in decaauts)
 A = Elapsed time spent in this place.
 B = Non-inter-level travel time spent in this place.
 C = Inter-level travel time spent in this place.
 D = Time resting spent in this place.
 E = Time spent auto-exploring this place.
 F = Levels seen in this place.
 G = Mean time per level.
                   A        B        C        D        E       F      G
               +--------+--------+--------+--------+--------+-----+--------+
         Total |     74 |     74 |      0 |      0 |     12 |   1 |   74.0 |
       Dungeon |     74 |     74 |      0 |      0 |     12 |   1 |   74.0 |
               +--------+--------+--------+--------+--------+-----+--------+

Top non-repeatable levels by time:
       D: 74 daAuts
